 Dungeon Crawl Stone Soup version 0.23.2-30-g0e89c35649 (webtiles) character file.

Game seed: 4415646945474515977

56 Nordron the Chiller (level 3, -12/27 HPs)
             Began as a Merfolk Ice Elementalist on June 12, 2019.
             Mangled by Crazy Yiuf
             ... wielding a +4 quarterstaff of chaos
              (20 damage)
             ... on level 2 of the Dungeon.
             The game lasted 00:04:57 (1874 turns).

Nordron the Chiller (Merfolk Ice Elementalist)      Turns: 1874, Time: 00:05:01

Health: -12/27     AC:  5    Str: 11    XL:     3   Next: 97%
Magic:  3/7        EV: 12    Int: 15    God:
Gold:   127        SH:  0    Dex: 14    Spells: 6/7 levels left

rFire    . . .     SeeInvis .   o - +0 spear
rCold    + . .     Gourm    .   (no shield)
rNeg     . . .     Faith    .   i - +0 leather armour
rPois    .         Spirit   .   (no helmet)
rElec    .         Reflect  .   (no cloak)
rCorr    .         Harm     .   m - +1 pair of gloves {Str+3}
MR       .....                  (no boots)
Stlth    +++.......             (no amulet)
HPRegen  0.09/turn              e - ring of stealth
MPRegen  0.10/turn              f - ring of protection from cold

@: no status effects
A: change form in water, swift swim, stealthy swim
a: no special abilities


You were on level 2 of the Dungeon.
You were not hungry.

You visited 1 branch of the dungeon, and saw 2 of its levels.

You collected 127 gold pieces.

Inventory:

Hand Weapons
 o - a +0 spear (weapon)
Armour
 a - a +0 robe
 i - a +0 leather armour (worn)
 m - a +1 pair of gloves of strength (worn)
Jewellery
 e - a ring of stealth (left hand)
 f - a ring of protection from cold (right hand)
Scrolls
 b - 2 scrolls of teleportation {unknown}
 g - a scroll of amnesia {unknown}
 h - 2 scrolls of identify {unknown}
 l - 2 scrolls of remove curse {unknown}
Potions
 d - a potion of invisibility {unknown}
 j - a potion of curing {unknown}
 k - 2 potions of degeneration {unknown}
 n - a potion of brilliance {unknown}
Comestibles
 c - 3 rations


   Skills:
 + Level 2.0 Fighting
 - Level 2.6 Dodging
 - Level 2.1 Stealth
 + Level 2.7 Spellcasting
   Level 0.7 Conjurations
 + Level 4.0 Ice Magic


You had 6 spell levels left.
You knew the following spells:

 Your Spells              Type           Power        Failure   Level  Hunger
a - Freeze                Ice            ##..         5%          1    #......

Your spell library contained the following spells:

 Spells                   Type           Power        Failure   Level  Hunger
 Throw Frost              Conj/Ice       #.....       16%         2    ##.....
 Ozocubu's Armour         Chrm/Ice       #.......     34%         3    ###....
 Throw Icicle             Conj/Ice       #.......     71%         4    #####..
 Summon Ice Beast         Ice/Summ       #.......     75%         4    #####..


Dungeon Overview and Level Annotations

Branches:
Dungeon (2/15)

Altars:

Annotations:
D:2 Crazy Yiuf


Message History

Confirm with . or Enter, or press ? or * to list all spells.
Aiming: Freeze (safe; 5% risk of failure)
Press: ? - help, Shift-Dir - straight line, f/p - Crazy Yiuf
Aim: Crazy Yiuf, wielding a +4 quarterstaff of chaos and wearing a +2 cloak (lightly wounded)
You freeze Crazy Yiuf.
Crazy Yiuf is heavily wounded.
Crazy Yiuf hits you with a +4 quarterstaff of chaos.
Crazy Yiuf burns you.
Casting: Freeze (safe; 5% risk of failure)
Confirm with . or Enter, or press ? or * to list all spells.
Aiming: Freeze (safe; 5% risk of failure)
Press: ? - help, Shift-Dir - straight line, f/p - Crazy Yiuf
Aim: Crazy Yiuf, wielding a +4 quarterstaff of chaos and wearing a +2 cloak (heavily wounded)
You freeze Crazy Yiuf.
Crazy Yiuf is heavily wounded.
Crazy Yiuf hits you with a +4 quarterstaff of chaos!
* * * LOW HITPOINT WARNING * * *
You are electrocuted!!
Ouch! That really hurt!
You die...

####### # #
###########
#####
#........##
#).)#
#..........
#).)#
#..........
#.g)#
#..........
#@#
#..........
♣♣.♣
#..........
♣)♣♣
#..........
♣♣.♣
#....#......
♣)♣♣
#..#.#.##...
♣♣)♣♣
##.#.#......
♣.♣.♣♣ #
..###.(.. #
♣....♣
.....#'# #.
#....#
##########.#


You could see Crazy Yiuf.

Vanquished Creatures
  An adder (D:2)
  3 dart slugs
  3 leopard geckos
  4 giant cockroaches
  10 hobgoblins
  4 bats
  2 frilled lizards (D:1)
  4 kobolds
  6 rats
37 creatures vanquished.

Notes
Turn   | Place    | Note
-------+----------+-------------------------------------------
     0 | D:1      | Nordron the Merfolk Ice Elementalist began the quest for
                  | the Orb.
     0 | D:1      | Reached XP level 1. HP: 13/13 MP: 3/3
   427 | D:1      | Reached XP level 2. HP: 20/20 MP: 1/5
   622 | D:1      | Reached skill level 1 in Fighting
   937 | D:1      | Reached XP level 3. HP: 26/26 MP: 4/6
  1535 | D:2      | Reached skill level 4 in Ice Magic
  1866 | D:2      | Found a runed translucent door.
  1867 | D:2      | Noticed Crazy Yiuf
  1874 | D:2      | Mangled by Crazy Yiuf

Skill      XL: |  1  2  3 |
---------------+----------+-----
Fighting       | 1 2 |  2.0
Ice Magic      | 4 |  4.0
Dodging        | |  2.6
Stealth        | |  2.1
Spellcasting   | |  2.7
Conjurations   | |  0.7

Action                   || total
-------------------------++-------
Melee: Unarmed           ||     8
       Whip              ||    16
       Spear             ||    16
 Cast: Freeze            ||    52
 Stab: Sleeping          ||     2
  Eat: Chunk             ||     4
Armor: Robe              ||     5
       Leather armour    ||    11
Dodge: Dodged            ||    54
